 Dungeon Crawl Stone Soup version 0.23.0 (webtiles) character file.

Game seed: 11394102879417453790

305 Borgoz the Cutter (level 6, 0/40 HPs)
             Began as a Kobold Monk on Feb 17, 2019.
             Succumbed to an adder's poison
             ... on level 3 of the Dungeon.
             The game lasted 00:04:34 (2662 turns).

Borgoz the Cutter (Kobold Monk)                     Turns: 2662, Time: 00:04:36

Health: 0/40       AC:  3    Str:  6 (9)  XL:     6   Next: 67%
Magic:  6/6        EV: 16    Int:  8 (11) God:
Gold:   51         SH:  0    Dex: 16 (19) Spells: 5/5 levels left

rFire    . . .     SeeInvis .   n - +0 dagger
rCold    . . .     Gourm    .   (shield restricted)
rNeg     . . .     Faith    .   h - +0 leather armour
rPois    .         Spirit   .   (no helmet)
rElec    .         Reflect  .   d - scarf {cloud immunity}
rCorr    .         Harm     .   (no gloves)
MR       .....                  (no boots)
Stlth    +++.......             (no amulet)
HPRegen  0.13/turn              (no ring)
MPRegen  0.10/turn              (no ring)

@: lethally poisoned (0 -> -10)
A: small, carnivore
a: no special abilities


You were on level 3 of the Dungeon.
You were completely stuffed.

You visited 1 branch of the dungeon, and saw 4 of its levels.

You collected 51 gold pieces.

Inventory:

Hand Weapons
 n - a +0 dagger (weapon)
Armour
 d - a scarf of cloud immunity (worn)
 h - a +0 leather armour (worn)
Scrolls
 b - 2 scrolls of remove curse
 e - a scroll of random uselessness {unknown}
 g - a scroll of enchant weapon {unknown}
 j - a scroll of teleportation {unknown}
 m - a scroll of fear {unknown}
 o - a scroll of fog {unknown}
Potions
 f - a potion of mutation
Comestibles
 c - 5 rations
 l - 3 chunks of flesh


   Skills:
 * Level 5.1 Fighting
 * Level 6.2 Short Blades
 + Level 4.7 Dodging
 + Level 4.5 Stealth


You had 5 spell levels left.
You didn't know any spells.
Your spell library was empty.

Dungeon Overview and Level Annotations

Branches:
Dungeon (4/15)
 Temple: D:4-7

Altars:
Ashenzari
Cheibriados
Gozag
Ru
Sif Muna


Innate Abilities, Weirdness & Mutations

You are small and have problems with some larger weapons.
You are carnivorous and can eat meat at any time.


Message History

You feel immune to the effects of clouds.
The adder closely misses you.
It was a potion of degeneration.
There was something very wrong with that liquid.
You feel weakened.
You feel dopey.
You feel clumsy. The adder closely misses you. The adder bites you.
* * * LOW HITPOINT WARNING * * *
You hit the adder.
The adder is moderately wounded.
* * * LOW HITPOINT WARNING * * *
You feel sick. The adder bites you.
* * * LOW HITPOINT WARNING * * *
You are more poisoned.
The adder poisons you!
Okay, then.
You closely miss the adder.
The adder is moderately wounded.
You completely miss the adder.
The adder is moderately wounded.
You die...

#...#
8.....8
#...#
#.....#
#...#
#8...8#
....####
##...?.##
.....
#8.....8#
...##
#.....#
.....
#8S†)8#
.)...
##@##
...#.
##### #.
# ##o...
. #...##
##.## .#
.. ..


You could see an adder and an orc.

Vanquished Creatures
  Sigmund (D:2)
  3 gnolls (D:2)
  6 adders
  2 worms (D:2)
  3 dart slugs
  An orc (D:3)
  A ball python (D:1)
  4 bats (D:2)
  5 giant cockroaches
  6 goblins
  3 hobgoblins
  4 jackals (D:2)
  6 kobolds
  5 frilled lizards
  5 rats
55 creatures vanquished.

Notes
Turn   | Place    | Note
-------+----------+-------------------------------------------
     0 | D:1      | Borgoz the Kobold Monk began the quest for the Orb.
     0 | D:1      | Reached XP level 1. HP: 14/14 MP: 1/1
    90 | D:1      | Reached XP level 2. HP: 10/19 MP: 2/2
   618 | D:1      | Reached XP level 3. HP: 24/24 MP: 3/3
   981 | D:2      | Found an opulent altar of Gozag.
   981 | D:2      | Found a deep blue altar of Sif Muna.
  1012 | D:2      | Reached XP level 4. HP: 3/29 MP: 4/4
  1347 | D:2      | Reached skill level 5 in Short Blades
  1539 | D:2      | Noticed Sigmund
  1823 | D:2      | Found a snail-covered altar of Cheibriados.
  1840 | D:2      | Killed Sigmund
  1840 | D:2      | Reached XP level 5. HP: 7/34 MP: 5/5
  1840 | D:2      | Reached XP level 6. HP: 9/40 MP: 6/6
  2148 | D:2      | Reached skill level 6 in Short Blades
  2184 | D:2      | Found a shattered altar of Ashenzari.
  2188 | D:2      | Saw a vision of the Shoals and the Snake Pit.
  2188 | D:2      | Noticed a naga sharpshooter
  2188 | D:2      | Noticed a naga sharpshooter
  2188 | D:2      | Noticed a shock serpent
  2188 | D:2      | Noticed a black mamba
  2188 | D:2      | Noticed a naga
  2188 | D:2      | Noticed a sea snake
  2188 | D:2      | Noticed a merfolk
  2188 | D:2      | Noticed a merfolk
  2188 | D:2      | Noticed a merfolk siren
  2188 | D:2      | Noticed a merfolk
  2190 | D:2      | Noticed a black mamba
  2190 | D:2      | Noticed a mana viper
  2284 | D:2      | Reached skill level 5 in Fighting
  2526 | D:3      | Found a sacrificial altar of Ru.
  2561 | D:3      | Noticed an ogre
  2585 | D:4      | Noticed an ogre
  2585 | D:4      | Noticed an ogre
  2660 | D:3      | HP: 1/40 [adder (3)]
  2662 | D:3      | Succumbed to an adder's poison

Skill      XL: |  1  2  3  4  5  6 |
---------------+-------------------+-----
Stealth        | 3 4 |  4.5
Dodging        | 4 |  4.7
Fighting       | 4 5 |  5.1
Short Blades   | 5 6 |  6.2

Action                   |  1- 3 |  4- 6 || total
-------------------------+-------+-------++-------
Melee: Short sword       |   131 |   108 ||   239
       Dagger            |       |    39 ||    39
  Use: Potion            |     1 |     4 ||     5
       Scroll            |       |     3 ||     3
 Stab: Sleeping          |     5 |     3 ||     8
  Eat: Chunk             |     9 |     5 ||    14
Armor: Robe              |     1 |       ||     1
       Leather armour    |    12 |    12 ||    24
       Skin              |       |    75 ||    75
Dodge: Dodged            |    98 |   102 ||   200
